 Dungeon Crawl Stone Soup version 0.27-a0-972-gd1521fd518 (webtiles) character file.

Game seed: 6982602066088854946

53 harryhousin the Skirmisher (level 3, 0/35 HPs)
             Began as a Gnoll Wanderer on Apr 13, 2021.
             Slain by an adder (4 damage)
             ... on level 2 of the Dungeon.
             The game lasted 00:05:55 (1186 turns).

harryhousin the Skirmisher (Gnoll Wanderer)         Turns: 1186, Time: 00:05:55

Health: 0/35       AC:  9    Str:  8 (11) XL:     3   Next: 89%
Magic:  4/4        EV:  7    Int: 13 (14) God:
Gold:   45         SH:  7    Dex:  7 (9)  Spells: 4/4 levels left

rFire    . . .     SeeInvis .   f - +0 spear (vorpal)
rCold    . . .     Faith    .   b - +0 kite shield
rNeg     . . .     Spirit   .   d - +0 ring mail
rPois    .         Reflect  .   (no helmet)
rElec    .         Harm     .   g - +2 cloak
rCorr    .         Rampage  .   (no gloves)
Will     .....                  (no boots)
Stlth    ++........             (no amulet)
HPRegen  0.11/turn              (no ring)
MPRegen  0.09/turn              (no ring)

@: lethally poisoned (0 -> -1)
A: fangs 1, strong nose, distributed training
a: no special abilities


You were on level 2 of the Dungeon.
You visited 1 branch of the dungeon, and saw 2 of its levels.

You collected 45 gold pieces.

Inventory:

Hand Weapons
 f - a +0 vorpal spear (weapon)
Armour
 b - a +0 kite shield (worn)
 d - a +0 ring mail (worn)
 g - a +2 cloak (worn)
Scrolls
 a - a scroll of magic mapping {unknown}
 c - a scroll of immolation {unknown}


   Skills:
 + Level 6.5 Fighting
 + Level 1.0 Short Blades
 + Level 1.0 Long Blades
 + Level 1.0 Axes
 + Level 1.0 Maces & Flails
 + Level 4.6 Polearms
 + Level 1.0 Staves
 + Level 1.0 Slings
 + Level 1.0 Bows
 + Level 1.0 Crossbows
 + Level 1.0 Throwing
 + Level 4.6 Armour
 + Level 1.0 Dodging
 + Level 4.2 Stealth
 + Level 2.6 Shields
 + Level 1.0 Unarmed Combat
 + Level 1.0 Spellcasting
 + Level 0.7 Conjurations
 + Level 0.7 Hexes
 + Level 0.7 Summonings
 + Level 0.7 Necromancy
 + Level 0.7 Translocations
 + Level 0.7 Transmutations
 + Level 0.7 Fire Magic
 + Level 0.7 Ice Magic
 + Level 0.7 Air Magic
 + Level 0.7 Earth Magic
 + Level 0.7 Poison Magic
 + Level 1.0 Invocations
 + Level 1.0 Evocations


You had 4 spell levels left.
You didn't know any spells.
Your spell library was empty.

Dungeon Overview and Level Annotations

Branches:
Dungeon (2/15)

Altars:


Innate Abilities, Weirdness & Mutations

You have very sharp teeth.
Your uncanny sense of smell can sniff out nearby items.
Your experience applies equally to all skills.


Message History

You start resting.
An adder comes into view.
An adder is nearby!
The adder hisses angrily.
You see here a +2 cloak.
g - a +2 cloak You start putting on your armour.
You continue putting on your +2 cloak. x2
The adder bites you but does no damage.
Keep equipping yourself? [Y]es or [N]o only, please.
Keep equipping yourself?
The adder bites you.
* * * LOW HITPOINT WARNING * * *
You continue putting on your +2 cloak.
The adder bites you but does no damage.
You continue putting on your +2 cloak.
The adder bites you but does no damage.
You finish putting on your +2 cloak.
You are too injured to fight recklessly!
It was a potion of degeneration.
There was something very wrong with that liquid.
You feel weakened.
You feel dopey.
You feel clumsy. You block the adder's attack.
You hit the adder.
The adder is heavily wounded.
The adder bites you.
* * * LOW HITPOINT WARNING * * *
You are poisoned.
The adder poisons you! The adder closely misses you.
You closely miss the adder.
The adder is moderately wounded.
You feel sick. The adder barely misses you.
The adder bites you but does no damage.
You barely miss the adder.
The adder is moderately wounded.
You feel sick. You block the adder's attack.
You miss the adder.
The adder is moderately wounded.
You feel sick. The adder barely misses you. The adder bites you.
You die...

## .. #. #. ###. ##
... ..# #.##.#
#.@#.# ##S#.#
#.#####.#.#####.#
............?)..#
.....#.......S.(.
.......##.#######.#
.[................#.
............<.......
........#.##########


You could see an adder.

Vanquished Creatures
  An iguana (D:2)
  A dart slug (D:1)
  4 endoplasms (D:1)
  2 goblins (D:1)
  2 hobgoblins (D:1)
  3 jackals (D:1)
  2 quokkas (D:1)
  3 ball pythons (D:1)
  3 bats
  2 kobolds (D:1)
  A rat (D:1)
24 creatures vanquished.

Notes
Turn   | Place    | Note
-------+----------+-------------------------------------------
     0 | D:1      | harryhousin the Gnoll Wanderer began the quest for the Orb.
     0 | D:1      | harryhousin set off with the following items: a +2 spear, a
                  | +0 shortbow, 25 arrows, a +0 ring mail, a +0 dagger
     0 | D:1      | Reached XP level 1. HP: 23/23 MP: 1/1
   112 | D:1      | Reached XP level 2. HP: 29/29 MP: 2/2
   203 | D:1      | Found a faded altar of an unknown god.
   662 | D:1      | Reached XP level 3. HP: 35/35 MP: 3/3
  1105 | D:2      | HP: 1/35 [iguana (5)]
  1110 | D:2      | Reached skill level 1 in Short Blades
  1110 | D:2      | Reached skill level 1 in Long Blades
  1110 | D:2      | Reached skill level 1 in Axes
  1110 | D:2      | Reached skill level 1 in Maces & Flails
  1110 | D:2      | Reached skill level 1 in Staves
  1110 | D:2      | Reached skill level 1 in Slings
  1110 | D:2      | Reached skill level 1 in Bows
  1110 | D:2      | Reached skill level 1 in Crossbows
  1110 | D:2      | Reached skill level 1 in Throwing
  1110 | D:2      | Reached skill level 1 in Dodging
  1110 | D:2      | Reached skill level 1 in Unarmed Combat
  1110 | D:2      | Reached skill level 1 in Spellcasting
  1110 | D:2      | Reached skill level 1 in Invocations
  1110 | D:2      | Reached skill level 1 in Evocations
  1186 | D:2      | Slain by an adder

Illustrated notes

Levels and vault maps discovered:
D:1:      evilmike_arrival_fibonacci_small, layout_loops_ring,
          shapermc_ecumenical_altar_flowoftime
D:2:      layout_loops_ring, basic_altar

Skill      XL: |  1  2  3 |
---------------+----------+-----
Short Blades   | 1 |  1.0
Long Blades    | 1 |  1.0
Axes           | 1 |  1.0
Maces & Flails | 1 |  1.0
Staves         | 1 |  1.0
Slings         | 1 |  1.0
Bows           | 1 |  1.0
Crossbows      | 1 |  1.0
Throwing       | 1 |  1.0
Dodging        | 1 |  1.0
Unarmed Combat | 1 |  1.0
Spellcasting   | 1 |  1.0
Invocations    | 1 |  1.0
Evocations     | 1 |  1.0
Fighting       | |  6.5
Polearms       | |  4.6
Armour         | |  4.6
Stealth        | |  4.2
Shields        | |  2.6
Conjurations   | |  0.7
Hexes          | |  0.7
Summonings     | |  0.7
Necromancy     | |  0.7
Translocations | |  0.7
Transmutations | |  0.7
Fire Magic     | |  0.7
Ice Magic      | |  0.7
Air Magic      | |  0.7
Earth Magic    | |  0.7
Poison Magic   | |  0.7

Action                   || total
-------------------------++-------
Melee: Spear             ||    86
       Bite              ||     2
  Use: Potion            ||     1
 Stab: Sleeping          ||     4
Armor: Ring mail         ||    25
Dodge: Dodged            ||    23
Block: Kite shield       ||     5

Table legend: (Time is in decaauts)
 A = Elapsed time spent in this place.
 B = Non-inter-level travel time spent in this place.
 C = Inter-level travel time spent in this place.
 D = Time resting spent in this place.
 E = Time spent auto-exploring this place.
 F = Levels seen in this place.
 G = Mean time per level.
                   A        B        C        D        E       F      G
               +--------+--------+--------+--------+--------+-----+--------+
         Total |   1180 |   1114 |     66 |    179 |    625 |   2 |  590.0 |
       Dungeon |   1180 |   1114 |     66 |    179 |    625 |   2 |  590.0 |
               +--------+--------+--------+--------+--------+-----+--------+

Top non-repeatable levels by time:
     D:1: 1079 daAuts
     D:2: 100 daAuts
